 Dungeon Crawl Stone Soup version 0.30-a0-540-g0af01429fa (webtiles) character file.

Game seed: 9919286265343654196

650 PyroL the Firebug (level 7, -17/50 HPs)
             Began as a Demigod Fire Elementalist on Dec 25, 2022.
             Demolished by an ogre
             ... wielding the +8 dire flail of Guile {flame, rPois rCorr Str+2}
              (19 damage)
             ... on level 5 of the Dungeon.
             The game lasted 00:06:54 (4203 turns).

PyroL the Firebug (Demigod Fire Elementalist)       Turns: 4203, Time: 00:06:54

Health: -17/50     AC:  3    Str:  9    XL:     7   Next: 6%
Magic:  14/17      EV: 12    Int: 25    God:
Gold:   186        SH:  0    Dex: 14    Spells: 10/16 levels left

rFire   . . .      SeeInvis .    k - +2 whip (holy)
rCold   . . .      Faith    .    (no shield)
rNeg    . . .      Spirit   .    a - +0 robe
rPois   .          Reflect  .    (no helmet)
rElec   .          Harm     .    (no cloak)
rCorr   .          Rampage  .    (no gloves)
Will    .....                    d - +0 pair of boots
Stlth   ++                       (no amulet)
HPRegen 0.28/turn                (no ring)
MPRegen 0.15/turn                (no ring)

@: no status effects
A: high MP 1, forlorn, divine attributes
a: no special abilities


You were on level 5 of the Dungeon.
You visited 1 branch of the dungeon, and saw 5 of its levels.

You collected 186 gold pieces.

Inventory:

Hand Weapons
 c - a +0 dagger
 k - a +2 whip of holy wrath (weapon)
Missiles
 l - 14 poisoned darts
Armour
 a - a +0 robe (worn)
 d - a +0 pair of boots (worn)
Wands
 j - a wand of paralysis (6)
Scrolls
 e - a scroll of enchant armour {unknown}
 f - a scroll of fog
 h - a scroll of vulnerability
 i - a scroll of noise
 m - a scroll of teleportation
 o - a scroll of immolation
 q - a scroll of blinking
 s - a scroll of silence {unknown}
 v - a scroll of brand weapon {unknown}
Potions
 b - a potion of magic
 g - 2 potions of heal wounds
 n - a potion of might {unknown}
 p - 2 potions of attraction {unknown}
 r - a potion of haste {unknown}
 t - 2 potions of flight {unknown}
 u - a potion of cancellation {unknown}


   Skills:
 - Level 1.7 Dodging
 - Level 1.7 Stealth
 + Level 5.0 Spellcasting
 - Level 0.8 Conjurations
 + Level 5.8 Fire Magic


You had 10 spell levels left.
You knew the following spells:

 Your Spells              Type           Power      Damage    Failure   Level
a - Foxfire               Conj/Fire      88%        2x1d8     1%          1
b - Scorch                Fire           70%        2d8       1%          2
c - Inner Flame           Hex/Fire       20%        N/A       8%          3

Your spell library contained the following spells:

 Spells                   Type           Power      Damage    Failure   Level
 Slow                     Hex            24%        N/A       9%          1
 Kindle Blastsparks       Fire/Tloc/Air  30%        2d12      11%         3
 Cigotuvi's Dreadful Rot  Necr/Pois/Air  12%        N/A       12%         2
 Poisonous Vapours        Pois/Air       12%        N/A       12%         2
 Sublimation of Blood     Necr           6%         N/A       12%         2
 Flame Wave               Conj/Fire      22%        2d8       21%         4
 Mephitic Cloud           Conj/Pois/Air  7%         N/A       22%         3
 Confusing Touch          Hex            6%         N/A       24%         3
 Portal Projectile        Hex/Tloc       12%        N/A       24%         3
 Tukima's Dance           Hex            6%         N/A       24%         3
 Vampiric Draining        Necr           6%         2d6       24%         3
 Fireball                 Conj/Fire      11%        3d7       50%         5
 Petrify                  Tmut/Erth      6%         N/A       63%         4
 Irradiate                Conj/Tmut      4%         3d13      88%         5
 Blade Hands              Tmut           3%         N/A       92%         5
 Starburst                Conj/Fire      11%        6d5       97%         6


Dungeon Overview and Level Annotations

Branches:
Dungeon (5/15)
 Temple: D:4-7

Shops:
D:1 (

Annotations:
D:5 1 transporter, tonyyikes's ghost, novice DjCj


Innate Abilities, Weirdness & Mutations

You have an increased reservoir of magic. (+10% MP)
You shall have no god before yourself.
Your divine heritage dramatically boosts your attributes as you level up.


Message History

The scroll dissolves into smoke.
It was a scroll of fog.
Found a club.
v - a scroll labelled AGGIEFAFAXY You see here a +0 club.
An orc comes into view. It is wielding a +0 club.
You see here a red potion.
You can't see any susceptible monsters within range! (Use Z to cast anyway.)
Casting: Scorch (safe; 1% risk of failure)
Confirm with . or Enter, or press ? or * to list all spells.
You conjure some foxfire!
The orc shouts!
Your foxfire dissipates!
The foxfire hits the orc!
You kill the orc!
t - 2 red potions (gained 1) Magic restored.
Partly explored, unvisited transporter.
Partly explored, unvisited transporter.
There is a transporter landing site here.
Okay, then.
There is a transporter here.
You enter the transporter and appear at another place.
The ogre hits you with a +0 giant spiked club!!
Ouch! That really hurt!
* * * LOW HITPOINT WARNING * * *
Casting: Foxfire (safe; 1% risk of failure)
Confirm with . or Enter, or press ? or * to list all spells.
You conjure some foxfire!
The ogre hits you with a +0 giant spiked club!!
* * * LOW HITPOINT WARNING * * *
Your foxfire dissipates!
The foxfire hits the ogre!
The ogre is moderately wounded.
Casting: Foxfire (safe; 1% risk of failure)
Confirm with . or Enter, or press ? or * to list all spells.
Flames lash tonyyikes's ghost.
Tonyyikes's ghost resists.
Tonyyikes's ghost is lightly damaged.
Tonyyikes's ghost's fire resistance burns away.
The ogre hits you with the +8 dire flail of Guile {flame, rPois rCorr Str+2}!!
You die...

..######................##......#
.............©.©........##......#
...)....#############...##......#
........#©.O..($....#...##......#
........#..##...##..#...##......#
..#######.#..#.#..#.#...#########
..# #.#.O#W#..#.#...# ..#
#..##..O##..#...# ###
#.....©O@...#...#
#############...# #............#
##############


You could see 3 ogres and tonyyikes's ghost (combustible).

Vanquished Creatures
  A black bear (D:5)
  3 scorpions
  6 hounds
  A jelly (D:5)
  2 orc wizards
  A gnoll (D:1)
  3 adders
  A worm (D:5)
  A dart slug (D:1)
  14 orcs
  6 ball pythons
  2 bats
  9 endoplasms
  3 giant cockroaches
  3 hobgoblins
  3 jackals (D:3)
  A quokka (D:2)
  2 frilled lizards
  8 goblins
  5 kobolds
  4 rats (D:1)
79 creatures vanquished.

Vanquished Creatures (others)
  83 foxfires
  4 fungi (D:4)
87 creatures vanquished.

Grand Total: 166 creatures vanquished

Notes
Turn   | Place    | Note
-------+----------+-------------------------------------------
     0 | D:1      | PyroL the Demigod Fire Elementalist began the quest for the
                  | Orb.
     0 | D:1      | Reached XP level 1. HP: 14/14 MP: 5/5
   149 | D:1      | Found Japycaq's Antique Weapon Boutique.
   230 | D:1      | Reached XP level 2. HP: 20/20 MP: 2/7
   235 | D:1      | Learned a level 2 spell: Scorch
   785 | D:1      | Reached XP level 3. HP: 26/26 MP: 9/9
  1074 | D:2      | You fall into a shaft and drop 2 floors!
  1687 | D:3      | Reached XP level 4. HP: 22/33 MP: 8/11
  2532 | D:4      | Reached XP level 5. HP: 38/38 MP: 8/13
  2969 | D:5      | Entered Level 5 of the Dungeon
  3199 | D:5      | Reached skill level 5 in Fire Magic
  3199 | D:5      | Reached XP level 6. HP: 23/45 MP: 1/15
  3324 | D:5      | Learned a level 3 spell: Inner Flame
  3769 | D:5      | Identified the +8 dire flail of Guile {flame, rPois rCorr
                  | Str+2}
  3770 | D:5      | Noticed tonyyikes's ghost (novice DjCj)
  3940 | D:5      | Found a transporter.
  3946 | D:5      | Found a transporter.
  3966 | D:5      | Reached skill level 5 in Spellcasting
  3966 | D:5      | Reached XP level 7. HP: 20/50 MP: 1/17
  4200 | D:5      | HP: 1/50 [ogre/+0 giant spiked club (22)]
  4203 | D:5      | Demolished by an ogre

Illustrated notes

Levels and vault maps discovered:
D:1:      onia_arrival_handbag, layout_loops_ring, serial_shops, shop_fountains,
          minmay_tromino_i4
D:2:      layout_rooms
D:3:      layout_basic, tso_metal_star, hellmonk_ecumenical_altar_dog_temple,
          wad_floor_pattern_untrapped, minmay_curled_crystal
D:4:      layout_basic, serial_aquarium, aquarium_bridge_square
          [aquarium_subvault_bridge, aquarium_subvault_bridge,
          aquarium_subvault_bridge, aquarium_subvault_bridge],
          aquarium_window_fake, aquarium_window_corner, aquarium_window_corner,
          aquarium_window_corner, aquarium_view_2a, aquarium_view_2g,
          aquarium_pool_double
D:5:      layout_basic, gammafunk_ghost_smash

Skill      XL: |  1  2  3  4  5  6 |
---------------+-------------------+-----
Spellcasting   | 2 3 4 5 |  5.0
Fire Magic     | 3 4 5 |  5.8
Dodging        | |  1.7
Stealth        | |  1.7
Conjurations   | |  0.8

Action                   |  1- 3 |  4- 6 |  7- 9 || total
-------------------------+-------+-------+-------++-------
Melee: Dagger            |    13 |       |       ||    13
       Whip              |     8 |    18 |       ||    26
 Cast: Foxfire           |    40 |    12 |     2 ||    54
       Scorch            |    14 |    52 |     1 ||    67
  Use: Scroll            |       |     6 |     1 ||     7
 Stab: Sleeping          |     3 |       |       ||     3
Armor: Robe              |     7 |     8 |       ||    15
Dodge: Dodged            |    18 |    32 |       ||    50

Table legend: (Time is in decaauts)
 A = Elapsed time spent in this place.
 B = Non-inter-level travel time spent in this place.
 C = Inter-level travel time spent in this place.
 D = Time resting spent in this place.
 E = Time spent auto-exploring this place.
 F = Levels seen in this place.
 G = Mean time per level.
                   A        B        C        D        E       F      G
               +--------+--------+--------+--------+--------+-----+--------+
         Total |   4204 |   4157 |     47 |    347 |   3297 |   5 |  840.8 |
       Dungeon |   4204 |   4157 |     47 |    347 |   3297 |   5 |  840.8 |
               +--------+--------+--------+--------+--------+-----+--------+

Top non-repeatable levels by time:
     D:5: 1235 daAuts
     D:4: 1068 daAuts
     D:1: 1002 daAuts
     D:3: 827 daAuts
     D:2: 70 daAuts
